 Dungeon Crawl Stone Soup version 0.19.1 (webtiles) character file.

655 siimphh the Covert (level 7, -1/52 HPs)
             Began as a Vampire Assassin on Dec 20, 2016.
             Was a Follower of Dithmenos.
             Killed by divine providence
             ... invoked by an orc priest
              (15 damage)
             ... on level 4 of the Dungeon.
             The game lasted 00:57:27 (5899 turns).

siimphh the Covert (Vampire Assassin)               Turns: 5899, Time: 00:57:28

Health: -1/52      AC:  4    Str: 11    XL:     7   Next: 29%
Magic:  7/7        EV: 14    Int: 14    God:    Dithmenos [*.....]
Gold:   166        SH:  0    Dex: 16    Spells: 0 memorised, 6 levels left

rFire  . . .     SeeInvis +     a - +3 dagger
rCold  + . .     Gourm    .     c - +0 robe
rNeg   + + .     Faith    .     (no shield)
rPois  +         Spirit   .     (no helmet)
rElec  .         Reflect  .     d - +0 cloak
rCorr  .         Harm     .     (no gloves)
MR     .....                    p - +0 pair of boots
Stlth  ++++++....               (no amulet)
                                (no ring)
                                (no ring)

@: regenerating slowly, wreathed by umbra
A: fangs 3, see invisible, unbreathing
a: Bat Form, Renounce Religion


You were on level 4 of the Dungeon.
You worshipped Dithmenos.
Dithmenos was aware of your devotion.
You were thirsty.

You visited 1 branch of the dungeon, and saw 4 of its levels.

You collected 166 gold pieces.

Inventory:

Hand Weapons
 a - a +3 dagger (weapon)
 b - a +0 blowgun
 h - a +3 hand axe
 j - a +0 flail of protection
Missiles
 e - 41 poisoned needles
 f - 6 curare-tipped needles (quivered)
Armour
 c - a +0 robe (worn)
 d - a +0 cloak (worn)
 p - a +0 pair of boots (worn)
Wands
 i - a wand of lightning (8/15)
Scrolls
 o - 2 scrolls of remove curse
 r - a scroll of fear
Books
 q - a book of Cantrips

   Spells                             Type                      Level
   a - Confusing Touch                Hexes                        1
   b - Animate Skeleton               Necromancy                   1
   c - Summon Small Mammal            Summoning                    1
   d - Apportation                    Translocation                1


   Skills:
 + Level 3.2 Fighting
 + Level 5.9 Short Blades
 + Level 1.6 Throwing
 + Level 3.4 Dodging
 + Level 8.9 Stealth


You had 6 spell levels left.
You didn't know any spells.

Dungeon Overview and Level Annotations

Branches:
Dungeon (4/15)
 Temple: D:4-7

Altars:
Dithmenos
Qazlal


Innate Abilities, Weirdness & Mutations

You heal slowly.
You have razor-sharp teeth.
You have supernaturally acute eyesight. (SInv)
You can survive without breathing.


Message History

You hit the orc priest.
You bite the orc priest, but do no damage.
The orc priest is severely wounded.
The orc priest closely misses you.
You barely miss the orc priest.
The orc priest is severely wounded.
You hit the orc priest but do no damage.
The orc priest is severely wounded.
The orc priest hits you with a dagger.
You hit the orc priest.
The orc priest is severely wounded.
The orc priest hits you with a dagger.
* * * LOW HITPOINT WARNING * * *
You barely miss the orc priest.
The orc priest is severely wounded.
You hit the orc priest.
The orc priest is almost dead.
The orc priest invokes the aid of Beogh against you.
Beogh smites you!
You die...

.... ... .##
###..# ...
#....#
.##.#####....#
....... .....#
.......##....#
........o)...#
........#@...#
........#(...#
.......<######
.......##
.......
.o.#### ... ..


You could see an orc priest.

Vanquished Creatures
  Sigmund (D:3)
  Menkaure (D:4)
  A phantom (D:3)
  A howler monkey (D:4)
  An orc priest (D:4)
  A bullfrog skeleton (D:3)
  A worker ant (D:4)
  2 orc wizards (D:4)
  3 adders
  2 oozes
  4 worms (D:3)
  2 dart slugs
  A leopard gecko (D:4)
  4 orcs
  3 ball pythons
  6 bats
  A giant cockroach (D:3)
  4 goblins
  10 hobgoblins
  2 jackals (D:1)
  3 quokkas
  3 frilled lizards
  5 kobolds
  3 rats
65 creatures vanquished.

Notes
Turn   | Place    | Note
-------+----------+-------------------------------------------
     0 | D:1      | siimphh the Vampire Assassin began the quest for the Orb.
     0 | D:1      | Reached XP level 1. HP: 16/16 MP: 1/1
    13 | D:1      | Reached skill level 6 in Stealth
   206 | D:1      | Reached XP level 2. HP: 19/22 MP: 2/2
   987 | D:2      | Found a shadowy altar of Dithmenos.
   995 | D:2      | Became a worshipper of Dithmenos the Shadowed
  1025 | D:2      | Reached XP level 3. HP: 27/27 MP: 3/3
  1270 | D:2      | Reached skill level 7 in Stealth
  1390 | D:2      | Found a stormy altar of Qazlal.
  1552 | D:3      | Reached XP level 4. HP: 22/33 MP: 4/4
  1946 | D:3      | Reached * piety under Dithmenos
  2207 | D:3      | Reached skill level 8 in Stealth
  2449 | D:3      | Noticed Sigmund
  2738 | D:3      | Killed Sigmund
  2738 | D:3      | Reached XP level 5. HP: 24/39 MP: 5/5
  2738 | D:3      | Reached XP level 6. HP: 28/46 MP: 6/6
  5254 | D:3      | Reached skill level 5 in Short Blades
  5262 | D:4      | Noticed Menkaure
  5633 | D:4      | Killed Menkaure
  5633 | D:4      | Reached XP level 7. HP: 5/52 MP: 7/7
  5899 | D:4      | Killed from afar by an orc priest

Skill      XL: |  1  2  3  4  5  6  7 |
---------------+----------------------+-----
Stealth        | 6 7 8 |  8.9
Fighting       | 2 3 |  3.2
Short Blades   | 4 5 |  5.9
Dodging        | 2 3 |  3.4
Throwing       | |  1.6

Action                   |  1- 3 |  4- 6 |  7- 9 || total
-------------------------+-------+-------+-------++-------
Melee: Dagger            |    79 |   261 |    39 ||   379
       Bite              |     9 |    24 |     9 ||    42
  Use: Potion            |     3 |     8 |       ||    11
       Scroll            |       |     4 |       ||     4
 Stab: Sleeping          |    14 |     4 |       ||    18
  Eat: Corpse            |       |     3 |     2 ||     5
Armor: Robe              |     9 |    24 |     7 ||    40
Dodge: Dodged            |    32 |   123 |    12 ||   167
